Map: Temple gelé

Players

VioGer

  • Race: Zerg Zerg
  • League: Bronze

seaLiFe - Winner!

  • Race: Terran Terran
  • League: Gold

VOD

Have the link to the VOD?

Description

Time

  • Played on: Oct. 7, 2016, 8:48 a.m.
  • Length: 14:00
Show
View Real Time Build Order
Export as new Build Order

VioGer Zerg 

Build Orders: Pool First, Swarm Host 

Get SALT Encoding   

  12  0:01  Drone  
  13  0:10  Drone  
  14  0:27  Spawning Pool  
  13  0:31  Drone  
  14  0:46  Extractor  
  13  0:58  Hatchery  
  12  1:05  Drone x2  
  14  1:15  Overlord  
  14  1:33  Queen  
  14  1:36  Drone  
  17  1:41  Drone  
  18  1:51  Metabolic Boost  
  18  1:54  Drone  
  19  2:12  Drone x4  
  23  2:21  Queen  
  25  2:23  Drone  
  25  2:26  Drone  
  27  2:38  Overlord  
  27  2:48  Drone  
  27  2:50  Overlord x2  
  28  3:13  Hatchery  
  27  3:21  Drone x3  
  27  3:22  Drone x3  
  33  3:27  Queen  
  35  3:53  Roach Warren  
  34  4:07  Zergling x14  
  34  4:08  Zergling x10  
  46  4:17  Drone  
  47  4:25  Drone  
  47  4:26  Drone  
  47  4:29  Extractor  
  48  4:48  Drone  
  48  4:49  Drone  
  50  4:53  Extractor  
  46  5:21  Drone x3  
  46  5:26  Drone x3  
  53  5:28  Drone x2  
  53  5:29  Drone x3  
  53  5:34  Overlord x3  
  53  5:35  Overlord  
  56  6:06  Drone x7  
  56  6:07  Drone x6  
  56  6:09  Drone x2  
  66  6:31  Lair  
  66  6:35  Evolution Chamber, Drone  
  66  6:36  Drone  
  66  6:37  Evolution Chamber  
  66  6:42  Roach x2  
  66  6:43  Roach x8  
  86  6:51  Overlord  
  86  6:52  Overlord x2  
  86  7:02  Drone x2  
  86  7:03  Extractor, Drone x2  
  89  7:14  Roach x5  
  89  7:15  Roach  
  101  7:31  Glial Reconstitution  
  101  7:34  Zerg Melee Weapons Level 1, Zerg Missile Weapons Level 1  
  99  7:58  Queen  
  99  7:59  Queen  
  99  8:00  Queen  
  104  8:07  Hydralisk Den  
  104  8:11  Infestation Pit  
  97  8:32  Zergling x4  
  97  8:33  Roach x2, Zergling x14  
  97  8:34  Roach, Zergling x4  
  114  8:36  Overlord x2  
  114  8:37  Overlord x4  
  114  8:39  Muscular Augments  
  114  9:09  Extractor  
  113  9:11  Hydralisk x7, Extractor, Roach  
  113  9:12  Hydralisk x2, Roach x7  
  113  9:13  Roach  
  148  9:32  Hatchery, Overseer  
  148  9:33  Hive  
  147  10:00  Zerg Missile Weapons Level 2  
  147  10:01  Zerg Melee Weapons Level 2  
  147  10:02  Lurker Den  
  147  10:04  Hydralisk x2  
  147  10:05  Roach x2  
  147  10:07  Zergling x4, Roach  
  157  10:08  Zergling x6  
  157  10:12  Overlord x7  
  162  10:22  Pneumatized Carapace  
  162  10:34  Infestation Pit  
  161  10:40  Drone x2  
  161  10:41  Drone x2  
  165  10:46  Hydralisk x3, Roach, Zergling x2  
  165  10:47  Roach, Zergling x2  
  177  11:08  Drone x2  
  177  11:09  Drone x9  
  177  11:10  Drone x3  
  191  11:45  Swarm Host x3  
  198  11:54  Ravager  
  116  12:09  Roach  
  116  12:10  Hydralisk x4, Zergling x10, Roach x5  
  116  12:11  Zergling x6, Roach x3  
  104  12:35  Roach  
  104  12:36  Roach x5  
  104  12:37  Roach x5  
  89  12:52  Hatchery  
  89  12:56  Swarm Host  
  89  12:57  Swarm Host x5  
  89  12:58  Swarm Host x6  
  77  13:13  Zergling x8  
  81  13:22  Roach  
  81  13:23  Roach x3  
Show
View Real Time Build Order
Export as new Build Order

seaLiFe Terran - Winner!

Build Orders: Command Center First (CC), Mech 

Get SALT Encoding   

  12  0:01  SCV  
  13  0:13  SCV  
  14  0:25  SCV  
  15  0:29  Supply Depot  
  15  0:51  SCV  
  16  0:58  Command Center  
  16  1:06  SCV  
  17  1:16  Barracks  
  17  1:18  SCV  
  18  1:31  SCV  
  19  1:43  SCV  
  20  1:53  Command Center  
  20  2:04  Refinery  
  20  2:05  Supply Depot  
  20  2:09  Bunker  
  20  2:14  Marine  
  21  2:18  SCV  
  22  2:23  SCV  
  23  2:33  Refinery  
  23  2:36  Marine  
  24  2:40  Orbital Command  
  24  2:52  Orbital Command  
  24  3:13  Factory  
  24  3:14  Engineering Bay  
  24  3:17  SCV x2  
  26  3:21  Marine  
  27  3:35  Factory  
  27  3:37  Refinery, SCV x2  
  29  3:42  Refinery  
  29  3:57  SCV x2  
  29  4:00  Factory Tech Lab  
  31  4:07  Planetary Fortress  
  31  4:15  SCV x2  
  33  4:20  Factory Tech Lab  
  33  4:24  Factory  
  33  4:27  Factory, SCV  
  34  4:36  Supply Depot  
  34  4:39  Supply Depot  
  34  4:44  Armory  
  34  4:50  Armory, Missile Turret, Orbital Command  
  34  4:57  Siege Tank  
  34  5:03  Marine  
  27  5:14  Hellion x2  
  27  5:21  Marine  
  32  5:34  Hellion x2  
  36  5:50  SCV  
  36  5:52  Orbital Command  
  37  6:02  SCV  
  38  6:28  Siege Tank x2  
  44  6:35  SCV  
  45  6:47  Refinery, SCV  
  46  6:49  Refinery  
  46  6:50  SCV x2  
  48  6:56  Hellion x4  
  48  6:59  SCV  
  48  7:00  Siege Tank  
  48  7:01  Siege Tank  
  55  7:02  SCV  
  55  7:05  Factory Tech Lab  
  56  7:09  Factory Tech Lab  
  56  7:28  SCV x3  
  59  7:32  Siege Tank, Thor  
  68  7:40  SCV x2  
  68  7:41  Supply Depot  
  68  7:42  Supply Depot  
  62  7:52  SCV  
  62  7:53  SCV x2  
  62  7:55  Thor  
  71  8:04  SCV  
  71  8:05  SCV x2  
  74  8:11  Thor  
  80  8:16  SCV  
  80  8:17  SCV x2  
  83  8:24  Supply Depot  
  83  8:28  Supply Depot  
  83  8:29  SCV x3  
  86  8:34  Terran Vehicle Weapons Level 1  
  86  8:35  Terran Vehicle And Ship Armor Level 1  
  86  8:39  Hellbat x2  
  90  8:52  Supply Depot  
  90  8:53  Supply Depot  
  90  8:55  Thor  
  96  9:02  SCV x2  
  98  9:03  Supply Depot  
  100  9:10  Hellbat x2  
  100  9:11  Hellbat  
  100  9:14  SCV  
  100  9:15  SCV  
  106  9:18  Missile Turret  
  106  9:24  Missile Turret x2  
  106  9:28  SCV  
  106  9:29  Missile Turret  
  107  9:34  Hellbat x2  
  111  9:41  SCV x3  
  114  9:46  Hellbat x2  
  118  9:53  SCV  
  118  9:55  Thor  
  125  10:01  Thor  
  125  10:07  Supply Depot  
  131  10:08  Supply Depot  
  131  10:10  Supply Depot  
  131  10:26  Command Center  
  131  10:28  Thor  
  137  10:30  Terran Vehicle Weapons Level 2  
  137  10:35  Terran Vehicle And Ship Armor Level 2  
  137  10:51  Hellbat x2  
  137  10:52  Hellbat  
  145  11:11  Hellbat  
  145  11:13  Hellbat x2, Siege Tank  
  145  11:16  Supply Depot  
  145  11:18  Supply Depot  
  152  11:21  Supply Depot  
  155  11:32  Siege Tank  
  155  11:37  Siege Tank  
  154  12:07  Hellbat x2  
  154  12:08  Hellbat  
  137  12:10  Hellbat  
  134  12:29  Hellbat x3  
  140  12:31  Hellbat  
  124  12:50  Hellbat x3  
  130  12:52  Hellbat  
  132  13:11  Siege Tank x3  
  141  13:14  Siege Tank  
Tags
 
Add a new tag
Caveats
  • Supply blocks, unpowered buildings, or Contaminate may cause inaccurate times.
  • Supply counts are checked every 10 seconds.